 Dungeon Crawl Stone Soup version 0.23-a0-143-g1adec7b (webtiles) character file.

107 Amnesiac the Chiller (level 4, -1/30 HPs)
             Began as a Mummy Ice Elementalist on Sept 5, 2018.
             Was a Follower of Vehumet.
             Slain by Jessica
             ... wielding a +4 dagger
              (2 damage)
             ... on level 2 of the Dungeon.
             The game lasted 00:05:28 (1983 turns).

Amnesiac the Chiller (Mummy Ice Elementalist)       Turns: 1983, Time: 00:05:28

Health: -1/30      AC:  2    Str: 11    XL:     4   Next: 56%
Magic:  3/8        EV: 12    Int: 15    God:    Vehumet [*.....]
Gold:   147        SH:  0    Dex: 12    Spells: 2/9 levels left

rFire    x . .     SeeInvis .   c - +0 trident
rCold    + . .     Gourm    .   (no shield)
rNeg     + + +     Faith    .   a - +0 robe
rPois    ∞         Spirit   .   (no helmet)
rElec    .         Reflect  .   (no cloak)
rCorr    .         Harm     .   (no gloves)
MR       .....                  (no boots)
Stlth    ++........             (no amulet)
HPRegen  0.10/turn              (no ring)
MPRegen  0.11/turn              (no ring)

@: slowed, very slow
A: no food or potions, fire vulnerability, cold resistance 1, negative energy
resistance 3, torment resistance, unbreathing
a: Renounce Religion


You were on level 2 of the Dungeon.
You worshipped Vehumet.
Vehumet was aware of your devotion.
You were not hungry.

You visited 2 branches of the dungeon, and saw 5 of its levels.

You collected 147 gold pieces.

Inventory:

Hand Weapons
 c - a +0 trident (weapon)
Missiles
 g - 49 stones (quivered)
 h - 16 sling bullets
Armour
 a - a +0 robe (worn)
Scrolls
 b - a scroll of remove curse {!r}
 d - a scroll of enchant armour {!r, unknown}
 e - a scroll of amnesia {!r}
 f - a scroll of fog {!r, unknown}


   Skills:
 - Level 1.5 Dodging
 - Level 1.5 Stealth
 + Level 3.0 Spellcasting
 * Level 3.0 Conjurations
 * Level 3.1 Ice Magic


You had 2 spell levels left.
You knew the following spells:

 Your Spells              Type           Power        Failure   Level  Hunger
a - Freeze                Ice            ##..         5%          1    N/A
b - Throw Frost           Conj/Ice       ##....       9%          2    N/A
d - Throw Icicle          Conj/Ice       ##......     50%         4    N/A

Your spell library contained the following spells:

 Spells                   Type           Power        Failure   Level  Hunger
 Shock                    Conj/Air       #...         11%         1    N/A
 Animate Skeleton         Necr           N/A          21%         1    N/A
 Pain                     Necr           #...         21%         1    N/A
 Ozocubu's Armour         Chrm/Ice       #.......     32%         3    N/A
 Vampiric Draining        Necr           #.........   52%         3    N/A
 Summon Ice Beast         Ice/Summ       #.......     71%         4    N/A
 Animate Dead             Necr           N/A          89%         4    N/A
 Regeneration             Chrm/Necr      Unusable     N/A         3    N/A

Dungeon Overview and Level Annotations

Branches:
Dungeon (4/15)             Temple (1/1) D:4

Altars:
Cheibriados
Elyvilon
Hepliaklqana
Makhleb
Nemelex Xobeh
Okawaru
Vehumet
Wu Jian
Zin

Shops:
D:4 :

Annotations:
D:2 Jessica


Innate Abilities, Weirdness & Mutations

You do not eat or drink.
Your flesh is vulnerable to fire.
You are immune to poison.
Your flesh is cold resistant. (rC+)
You are immune to negative energy. (rN+++)
You are immune to unholy pain and torment.
You can survive without breathing.


Message History

* * * LOW HITPOINT WARNING * * *
Casting: Freeze (safe; 5% risk of failure)
Confirm with . or Enter, or press ? or * to list all spells.
Aiming: Freeze (safe; 5% risk of failure)
Press: ? - help, Shift-Dir - straight line, f - adder
Aim: an adder You freeze the adder.
The adder is moderately wounded.
The adder barely misses you.
Casting: Freeze (safe; 5% risk of failure)
Confirm with . or Enter, or press ? or * to list all spells.
Aiming: Freeze (safe; 5% risk of failure)
Press: ? - help, Shift-Dir - straight line, f/p - adder
Aim: an adder (moderately wounded)
You freeze the adder.
The adder is heavily wounded.
The adder misses you.
Casting: Freeze (safe; 5% risk of failure)
Confirm with . or Enter, or press ? or * to list all spells.
Aiming: Freeze (safe; 5% risk of failure)
Press: ? - help, Shift-Dir - straight line, f/p - adder
Aim: an adder (heavily wounded)
You freeze the adder.
You kill the adder!
Vehumet accepts your kill.
Training target 3.0 for Conjurations reached!
Your Conjurations skill increases to level 3!
You need to enable at least one skill for training.
Jessica the Apprentice Sorceress comes into view.
She is wielding an enchanted Jessica casts a spell.
Jessica seems to speed up.
Jessica casts a spell.
Jessica blinks!
Jessica hits you with an enchanted dagger.
* * * LOW HITPOINT WARNING * * *
Casting: Freeze (safe; 5% risk of failure)
Confirm with . or Enter, or press ? or * to list all spells.
Aiming: Freeze (safe; 5% risk of failure)
Press: ? - help, Shift-Dir - straight line, f - Jessica
Aim: Jessica, wielding an enchanted dagger and wearing a robe (fast)
You freeze Jessica.
Jessica is heavily wounded.
Jessica hits you with an enchanted dagger!
* * * LOW HITPOINT WARNING * * *
Casting: Freeze (safe; 5% risk of failure)
Confirm with . or Enter, or press ? or * to list all spells.
Aiming: Freeze (safe; 5% risk of failure)
Press: ? - help, Shift-Dir - straight line, f/p - Jessica
Aim: Jessica, wielding an enchanted dagger and wearing a robe (heavily wounded, You freeze Jessica.
Jessica is severely wounded.
Jessica barely misses you.
Jessica points at you and mumbles some strange words.
You feel yourself slow down.
Unknown command.
Casting: Freeze (safe; 5% risk of failure)
Confirm with . or Enter, or press ? or * to list all spells.
Aiming: Freeze (safe; 5% risk of failure)
Press: ? - help, Shift-Dir - straight line, f/p - Jessica
Aim: Jessica, wielding an enchanted dagger and wearing a robe (severely You freeze Jessica.
Jessica is almost dead.
Jessica hits you with an enchanted dagger.
You die...

####.......
##....##.####
#..##.......#
..###.......# ###
#.......# #..†....#
#.......####
#..........#########
##########..@@......
###########


You could see Jessica.

Vanquished Creatures
  3 adders
  An ooze (D:1)
  3 worms
  5 dart slugs
  2 leopard geckos
  3 giant cockroaches
  8 goblins
  5 hobgoblins
  4 jackals
  2 quokkas
  2 ball pythons
  7 bats
  7 kobolds
  4 rats
56 creatures vanquished.

Notes
Turn   | Place    | Note
-------+----------+-------------------------------------------
     0 | D:1      | Amnesiac the Mummy Ice Elementalist began the quest for the
                  | Orb.
     0 | D:1      | Reached XP level 1. HP: 13/13 MP: 4/4
   209 | D:2      | Reached XP level 2. HP: 16/19 MP: 0/5
   237 | D:2      | Learned a level 2 spell: Throw Frost
   357 | D:3      | Reached skill level 1 in Conjurations
   407 | D:3      | Reached XP level 3. HP: 21/24 MP: 3/7
   454 | D:4      | Noticed an ogre
   625 | D:4      | Found a staircase to the Ecumenical Temple.
   630 | D:4      | Found Bifall's Book Emporium.
   635 | Temple   | Entered the Ecumenical Temple
   678 | Temple   | Became a worshipper of Vehumet
  1118 | D:1      | HP: 1/24 [hobgoblin/club (5)]
  1569 | D:1      | Reached XP level 4. HP: 11/30 MP: 2/8
  1701 | D:1      | Reached * piety under Vehumet
  1701 | D:1      | Offered knowledge of Shock by Vehumet.
  1749 | D:1      | Learned a level 4 spell: Throw Icicle
  1977 | D:2      | Noticed Jessica
  1981 | D:2      | HP: 1/30 [Jessica/enchanted dagger (8)]
  1983 | D:2      | Slain by Jessica

Vault maps used:
D:1:      minmay_arrival_cross
D:2:      eino_curves_04, uniq_jessica
D:4:      lemuel_coloured_pillars_altar, minmay_temple_entry_statues,
          serial_shops, shop, kennysheep_generic_room_14
Temple:   minmay_crystal_spiral_temple

Skill      XL: |  1  2  3  4 |
---------------+-------------+-----
Spellcasting   | 3 |  3.0
Ice Magic      | 3 |  3.1
Conjurations   | 1 2 3 |  3.0
Dodging        | |  1.5
Stealth        | |  1.5

Action                   |  1- 3 |  4- 6 || total
-------------------------+-------+-------++-------
Melee: Trident           |    46 |    20 ||    66
       Unarmed           |     1 |       ||     1
 Cast: Freeze            |    70 |    24 ||    94
  Use: Scroll            |     2 |       ||     2
 Stab: Sleeping          |     2 |     1 ||     3
Armor: Robe              |    11 |     4 ||    15
Dodge: Dodged            |    56 |    13 ||    69

Table legend:
 A = Non-vault XP
 B = Vault XP
 C = Vault XP percentage of total XP
 D = Non-vault monster count
 E = Vault monster count
 F = Vault count percentage of total count
                 A         B        C        D         E       F
            +---------+---------+-------+---------+---------+-------
      Total |     153 |       0 |   0.0 |      56 |       0 |   0.0
            +---------+---------+-------+---------+---------+-------
        D:1 |      65 |       0 |   0.0 |      25 |       0 |   0.0
        D:2 |      46 |       0 |   0.0 |      19 |       0 |   0.0
        D:3 |      39 |       0 |   0.0 |      11 |       0 |   0.0
        D:4 |       3 |       0 |   0.0 |       1 |       0 |   0.0
            +---------+---------+-------+---------+---------+-------
